 Dungeon Crawl Stone Soup version 0.19-a0-1445-ge808afc (webtiles) character file.

23 PurpleRed the Conjurer (level 2, 0/15 HPs)
             Began as a Deep Elf Conjurer on Sept 5, 2016.
             Slain by a giant frog skeleton (1 damage)
             ... on level 4 of the Dungeon.
             The game lasted 00:03:23 (359 turns).

PurpleRed the Conjurer (Deep Elf Conjurer)           Turns: 359, Time: 00:03:24

Health: 0/15       AC:  2    Str:  5    XL:     2   Next: 75%
Magic:  2/8        EV: 13    Int: 19    God:
Gold:   16         SH:  0    Dex: 15    Spells: 2 memorised, 5 levels left

rFire  . . .     SeeInvis .     i - +0 scimitar
rCold  . . .     Gourm    .     a - +0 robe
rNeg   . . .     Faith    .     (no shield)
rPois  .         Spirit   .     (no helmet)
rElec  .         Dismiss  .     (no cloak)
rCorr  .         Reflect  .     (no gloves)
MR     .....     Harm     .     (no boots)
Stlth  ++........               (no amulet)
                                (no ring)
                                g - ring of wizardry

@: very slightly contaminated
A: no striking features
a: no special abilities


You were on level 4 of the Dungeon.
You were not hungry.

You visited 1 branch of the dungeon, and saw 4 of its levels.

You collected 16 gold pieces.

Inventory:

Hand Weapons
 d - a +0 dagger
 i - a +0 scimitar (weapon)
Armour
 a - a +0 robe (worn)
Jewellery
 g - a ring of wizardry (left hand)
Scrolls
 e - a scroll of identify
 f - a scroll of remove curse
Books
 b - a book of Conjurations

   Spells                             Type                      Level
   a - Magic Dart                     Conjuration                  1
   b - Searing Ray                    Conjuration                  2
   c - Dazzling Spray                 Conjuration/Hexes            3
   d - Fulminant Prism                Conjuration/Hexes            4
   e - Iskenderun's Mystic Blast      Conjuration                  4
   f - Iskenderun's Battlesphere      Conjuration/Charms           5
Comestibles
 c - a bread ration


   Skills:
 - Level 2.4 Dodging
 - Level 2.4 Stealth
 + Level 3.6 Spellcasting
 * Level 5.0 Conjurations


You had 5 spell levels left.
You knew the following spells:

 Your Spells              Type           Power        Failure   Level  Hunger
a - Magic Dart            Conj           ###.         1%          1    None
b - Searing Ray           Conj           ###...       1%          2    ##.....


Dungeon Overview and Level Annotations

Branches:
Dungeon (4/15)
 Temple: D:4-7

Altars:


Message History

* * * LOW HITPOINT WARNING * * *
You aren't carrying any potions.
You aren't carrying any potions.
As you read the scroll labeled MIUCER QOGU, it crumbles to dust.
It is a scroll of identify.
f - a scroll of remove curse The giant frog skeleton barely misses you.
You riposte.
You barely miss the giant frog skeleton.
As you read the scroll labeled HOCUBA VUQIGGE, it crumbles to dust.
The scroll dissolves into smoke.
It was a scroll of fog.
The giant frog skeleton misses you.
You riposte.
You barely miss the giant frog skeleton.
Blink to where?
Press: ? - help, Dir - move target cursor You are very lightly contaminated with residual magic.
As you read the scroll labeled QAZXAX RAOX, it crumbles to dust.
It was a scroll of blinking.
The giant frog skeleton hits you.
You die...

# .# ###.#
#...
##.######.#.#
.#.#...@..#.#
.#
##.#####Z§#.#
.####.
##§#.##......
#§§§§.......#
##§#§.......#.
#§#..........
#§§§!........
###§........#
#..........


You could see a giant frog skeleton.

Vanquished Creatures
  An orc (D:3)
  A ball python (D:3)
  3 bats
  A giant cockroach (D:1)
  A hobgoblin (D:3)
  7 jackals
  2 giant newts
  A goblin (D:1)
  2 kobolds (D:1)
  A rat (D:1)
20 creatures vanquished.

Notes
Turn   | Place    | Note
-------+----------+-------------------------------------------
     0 | D:1      | PurpleRed the Deep Elf Conjurer began the quest for the Orb.
     0 | D:1      | Reached XP level 1. HP: 10/10 MP: 6/6
   184 | D:1      | You fall through a shaft!
   196 | D:2      | Reached XP level 2. HP: 13/15 MP: 5/8
   278 | D:3      | Learned a level 2 spell: Searing Ray
   281 | D:3      | Reached skill level 5 in Conjurations
   345 | D:4      | Noticed an ogre
   359 | D:4      | Slain by a giant frog skeleton

Vault maps used:
D:1:      erik_arrival_blinker_ship, hangedman_decor_push,
          hangedman_decor_clover_reticule
D:2:      first_bread
D:3:      minmay_tree_intersection, uniq_iyjb
D:4:      grunt_temple_overflow_forces_of_nature, xom_teletrap_fun,
          lemuel_crystal_altar, serial_co_window_serial, co_window_paths_a,
          co_window_cross_1, co_window_of_opportunity_a, co_window_cross_1,
          co_window_cross_1, co_window_of_opportunity_b, co_window_corner_b,
          co_window_cross_4, co_window_corner_b

Skill      XL: |  1  2 |
---------------+-------+-----
Conjurations   | 5 |  5.0
Dodging        | |  2.4
Stealth        | |  2.4
Spellcasting   | |  3.6

Action                   || total
-------------------------++-------
Melee: Dagger            ||    15
       Unarmed           ||     1
       Scimitar          ||    17
 Cast: Magic Dart        ||    31
       Searing Ray       ||     1
  Use: Scroll            ||     3
Armor: Robe              ||    11
Dodge: Dodged            ||    38
